 Dungeon Crawl Stone Soup version 0.19-a0-1676-g39ae8cc (webtiles) character file.

72 epen the Chopper (level 4, -1/40 HPs)
             Began as a Hill Orc Monk on Sept 23, 2016.
             Slain by a worm (11 damage)
             ... on level 3 of the Dungeon.
             The game lasted 00:02:24 (1402 turns).

epen the Chopper (Hill Orc Monk)                    Turns: 1402, Time: 00:02:24

Health: -1/40      AC:  4    Str: 14    XL:     4   Next: 26%
Magic:  4/4        EV: 13    Int:  7    God:
Gold:   105        SH:  0    Dex: 13    Spells: 0 memorised, 3 levels left

rFire  . . .     SeeInvis .     a - +0 hand axe
rCold  . . .     Gourm    .     b - +0 robe
rNeg   . . .     Faith    .     (no shield)
rPois  .         Spirit   .     u - +0 helmet
rElec  .         Dismiss  .     s - +0 cloak
rCorr  .         Reflect  .     (no gloves)
MR     .....     Harm     .     (no boots)
Stlth  +.........               (no amulet)
                                v - -3 ring of intelligence (curse)
                                g - ring of flight

@: no status effects
A: no striking features
a: Evoke Flight


You were on level 3 of the Dungeon.
You were hungry.

You visited 1 branch of the dungeon, and saw 3 of its levels.

You collected 105 gold pieces.

Inventory:

Hand Weapons
 a - a +0 hand axe (weapon)
Armour
 b - a +0 robe (worn)
 s - a +0 cloak (worn)
 u - a +0 helmet (worn)
Jewellery
 g - a ring of flight (left hand)
 v - a cursed -3 ring of intelligence (right hand)
Scrolls
 q - a scroll of enchant weapon {unknown}
 r - a scroll of recharging {unknown}
 w - a scroll of identify {unknown}
Potions
 e - a potion of agility {unknown}
 h - 2 potions of invisibility {unknown}
 k - 2 potions of berserk rage {unknown}
 n - a potion of curing {unknown}
 o - 2 potions of haste {unknown}
 t - a potion of heal wounds {unknown}
Comestibles
 c - 4 bread rations
 d - a chunk of flesh
 i - a royal jelly
 j - a beef jerky
 m - 2 meat rations
 p - 3 fruits


   Skills:
 + Level 4.2 Fighting
 + Level 4.6 Axes
 + Level 1.4 Armour
 * Level 3.2 Dodging
 - Level 1.5 Stealth


You had 3 spell levels left.
You didn't know any spells.

Dungeon Overview and Level Annotations

Branches:
Dungeon (3/15)

Altars:
Ashenzari


Message History

You barely miss the worm. You hit the worm.
The worm is lightly wounded.
The worm bites you.
You completely miss the worm.
The worm is lightly wounded.
The worm bites you!
* * * LOW HITPOINT WARNING * * *
You are too injured to fight recklessly!
You are too injured to fight recklessly!
You hit the worm.
The worm is lightly wounded.
You are too injured to fight recklessly!
You slash the worm!
The worm is heavily wounded.
The worm bites you.
* * * LOW HITPOINT WARNING * * *
Your unstable footing causes you to fumble your attack.
The worm bites you!
You die...

*,###.#####.#####.....>...#_,,*
***,*
#.##≈≈####≈≈#####.#$#.#****
,,,,* #..≈≈≈≈≈≈≈≈≈≈# #.#,*,*
*,* ***** #†##≈≈####≈≈##
#.#,*,***,* *#.#####≈≈##≈###
#.#,#,,,,,,
*..#*≈≈≈≈≈≈#≈#.###.#.#.#**,*
*#.##*≈≈≈≈∩≈#≈#.........# *,*
**..,**≈**≈≈##≈#.......###**,*
*...,**≈≈***#@≈##..#....<..,,*
*#.>,*≈≈≈≈≈sw≈≈≈#..########***
******,**#≈≈####≈≈##..#
*,,,,,*,,****,,#####..#
*,**,***,*,,,,** #..# *,*,**
**,***,* #..# *,**,***,*,,,,*
#^.# ,,***,*,,*,**** #..# ***
**,*,*,** #######.######


You could see a worm and a giant cockroach.

Vanquished Creatures
  3 adders
  A river rat (D:3)
  An ooze (D:2)
  A dart slug (D:3)
  6 bats
  3 giant cockroaches (D:3)
  6 goblins
  3 hobgoblins (D:2)
  3 kobolds
  4 rats
31 creatures vanquished.

Notes
Turn   | Place    | Note
-------+----------+-------------------------------------------
     0 | D:1      | epen the Hill Orc Monk began the quest for the Orb.
     0 | D:1      | Reached XP level 1. HP: 19/19 MP: 1/1
   215 | D:1      | Reached XP level 2. HP: 24/27 MP: 2/2
   630 | D:2      | Found a shattered altar of Ashenzari.
   725 | D:2      | Reached skill level 1 in Armour
   725 | D:2      | Reached XP level 3. HP: 23/33 MP: 3/3
  1314 | D:3      | Reached XP level 4. HP: 16/40 MP: 4/4
  1402 | D:3      | Slain by a worm

Vault maps used:
D:1:      minmay_arrival_open_corners, due_unseen_surprise
D:2:      nicolae_ashenzari_panopticon, first_bread
D:3:      grunt_temple_overflow_open, grunt_temple_overflow_champion_of_chaos,
          gup_sewer_entry_bubbles, nemelex_diamond_rough_becter

Skill      XL: |  1  2  3 |
---------------+----------+-----
Fighting       | 4 |  4.2
Armour         | 1 |  1.4
Dodging        | 3 |  3.2
Axes           | |  4.6
Stealth        | |  1.5

Action                   |  1- 3 |  4- 6 || total
-------------------------+-------+-------++-------
Melee: Hand axe          |   113 |    31 ||   144
  Use: Scroll            |     3 |       ||     3
 Stab: Sleeping          |     3 |       ||     3
  Eat: Chunk             |     1 |       ||     1
Armor: Robe              |    28 |     3 ||    31
Dodge: Dodged            |    73 |    13 ||    86
